 Dungeon Crawl Stone Soup version 0.29.1-debian-1-gc3f1650bb9 (webtiles) character file.

Game seed: 12073207549185069201

929 kae the Firebug (level 7, -4/36 HPs)
             Began as a Deep Elf Fire Elementalist on Sept 12, 2022.
             Slain by a water moccasin (7 damage)
             ... on level 6 of the Dungeon.
             The game lasted 00:05:40 (5988 turns).

kae the Firebug (Deep Elf Fire Elementalist)        Turns: 5988, Time: 00:05:41

Health: -4/36      AC:  3    Str: 11    XL:     7   Next: 85%
Magic:  11/17      EV: 12    Int: 22    God:
Gold:   364        SH:  5    Dex: 15    Spells: 7/16 levels left

rFire   + . .      SeeInvis .   (no weapon)
rCold   + . .      Faith    .   (no shield)
rNeg    . . .      Spirit   .   x - +1 robe {rC+ rF+}
rPois   .          Reflect  +   (no helmet)
rElec   .          Harm     .   (no cloak)
rCorr   .          Rampage  .   (no gloves)
Will    .....                   (no boots)
Stlth   ++........              m - amulet of reflection
HPRegen 0.12/turn               Y - +4 ring of slaying
MPRegen 0.15/turn               S - +6 ring of strength

@: lethally poisoned (-4 -> -20)
A: no striking features
a: no special abilities


You were on level 6 of the Dungeon.
You visited 1 branch of the dungeon, and saw 6 of its levels.
You also visited: Sewer.

You collected 364 gold pieces.


   Skills:
 - Level 2.4 Dodging
 - Level 2.4 Stealth
 + Level 5.4 Spellcasting
 * Level 5.4 Conjurations
 + Level 2.9 Translocations
 * Level 6.4 Fire Magic
 + Level 2.7 Air Magic


You had 7 spell levels left.
You knew the following spells:

 Your Spells              Type           Power      Damage    Failure   Level
a - Foxfire               Conj/Fire      100%       2x1d9     1%          1
b - Scorch                Fire           68%        2d8       1%          2
c - Kindle Blastsparks    Fire/Tloc/Air  46%        2d13      5%          3
d - Inner Flame           Hex/Fire       20%        N/A       8%          3

Your spell library contained the following spells:

 Spells                   Type           Power      Damage    Failure   Level
 Flame Wave               Conj/Fire      32%        2d9       9%          4
 Swiftness                Air            17%        N/A       10%         3
 Ensorcelled Hibernation  Hex/Ice        12%        N/A       14%         2
 Passwall                 Tmut/Erth      5%         N/A       14%         2
 Passage of Golubria      Tloc           18%        N/A       28%         4
 Silence                  Hex/Air        5%         N/A       83%         5
 Lehudib's Crystal Spear  Conj/Erth      8%         10d4      100%        8

Inventory:

Missiles
 d - 41 stones
 h - 3 atropa-tipped darts
 j - 4 poisoned darts
 t - 2 boomerangs
Armour
 a - a +0 robe
 x - a +1 robe of resistance (worn)
   (You found it on level 4 of the Dungeon)
Jewellery
 g - an amulet of regeneration
   (You found it in a sewer)
 m - an amulet of reflection (around neck)
   (You found it on level 3 of the Dungeon)
 q - the ring "Onycveki" {rPois rF+ rN+ Will- SInv}
   (You found it on level 3 of the Dungeon)

   [ring of poison resistance]

   rF:        It protects you from fire.
   rPois:     It protects you from poison.
   rN:        It protects you from negative energy.
   SInv:      It lets you see invisible.
   Will:      It decreases your willpower.
 D - a +6 ring of dexterity
   (You found it on level 5 of the Dungeon)
 N - a ring of positive energy
   (You found it on level 3 of the Dungeon)
 S - a +6 ring of strength (right hand)
   (You found it in a sewer)
 Y - a +4 ring of slaying (left hand)
   (You took it off a goblin on level 3 of the Dungeon)
Wands
 p - a wand of flame (6)
   (You found it in a sewer)
 w - a wand of quicksilver (7)
   (You found it on level 4 of the Dungeon)
Scrolls
 e - a scroll of amnesia
 o - 3 scrolls of teleportation {@r4}
Potions
 b - a potion of magic
 c - 5 potions of heal wounds {@q2}
 f - 4 potions of lignification {!q}
 i - 3 potions of brilliance
 k - a potion of curing {unknown}
 l - 2 potions of might {unknown}
 n - 4 potions of flight
 r - a potion of berserk rage {unknown}
 s - a potion of ambrosia

Dungeon Overview and Level Annotations

Branches:
Dungeon (6/15) Zot: 26507   Sewer (visited)
 Temple: D:4-7

Altars:
Ashenzari
Dithmenos
Gozag
Vehumet
Zin

Shops:
D:4 *

Annotations:
D:2 Sigmund
D:3 Grinder
D:4 3 runed translucent doors, PaleRider's ghost, amateur SpHu; QuickerDeath's ghost, amateur HuNe

#####
#@S.#
##.#..#
#..#
....
##.##
####
#..#
#.##
#.####
#..#
#.#...##
##.#
#.#.#...
#..#
#.#.##.#


You could see a water moccasin (combustible).


Message History

You feel sick.
You feel sick.
You feel sick.
You feel sick.
You feel sick.
You are no longer poisoned.
Key pressed, stopping explore.
You see here a scorpion corpse.
d - 41 stones (gained 5)
You now have 317 gold pieces (gained 9).
You see here a +0 whip.
Key pressed, stopping explore.
Found a stone staircase leading down. 😎 HP[+23] MP[+6]
Your hp is fully restored (36).
Your mp is fully restored (17).
An orc comes into view.
It is wielding a +1 morningstar of draining.
Found a radiant altar of Vehumet.
An orc is nearby!
An orc is nearby!
Casting: Foxfire (safe; 1% risk of failure)
Confirm with . or Enter, or press ? or * to list all spells.
You conjure some foxfire! 😎 MP[-1]
You lost 1 mp, and now have 16/17 mp.
Casting: Foxfire (safe; 1% risk of failure)
Confirm with . or Enter, or press ? or * to list all spells.
You conjure some foxfire!
The foxfire hits the orc.
The orc shouts!
The foxfire hits the orc.
You kill the orc! 😎 MP[-1]
You lost 1 mp, and now have 15/17 mp.
Casting: Foxfire (safe; 1% risk of failure)
Confirm with . or Enter, or press ? or * to list all spells.
You conjure some foxfire!
An iguana comes into view. 😎 MP[-1]
You lost 1 mp, and now have 14/17 mp.
An iguana is nearby!
An iguana is nearby!
Casting: Foxfire (safe; 1% risk of failure)
Confirm with . or Enter, or press ? or * to list all spells.
You conjure some foxfire!
The foxfire hits the iguana.
The foxfire hits the iguana. x3
Casting: Foxfire (safe; 1% risk of failure)
Confirm with . or Enter, or press ? or * to list all spells.
You can't see any susceptible monsters within range! (Use Z to cast anyway.)
Casting: Foxfire (safe; 1% risk of failure)
Confirm with . or Enter, or press ? or * to list all spells.
You conjure some foxfire!
The foxfire hits the iguana!
You kill the iguana! 😎 MP[-1]
You lost 1 mp, and now have 13/17 mp.
You now have 328 gold pieces (gained 11).
Found a stone staircase leading up. 😎 MP[+4]
Your mp is fully restored (17).
There is a stone staircase leading down here.
You see here a +1 morningstar of draining.
You now have 342 gold pieces (gained 14).
You now have 348 gold pieces (gained 6).
You open the door.
There is an open door here.
You now have 364 gold pieces (gained 16).
A water moccasin comes into view.
A water moccasin is nearby!
Casting: Foxfire (safe; 1% risk of failure)
Confirm with . or Enter, or press ? or * to list all spells.
Flames lash the water moccasin.
The water moccasin hisses angrily.
The water moccasin's fire resistance burns away.
The water moccasin bites you! 😕 HP[-7] MP[-2]
You take 7 damage, and now have 29/36 hp.
You lost 2 mp, and now have 15/17 mp.
Casting: Scorch (safe; 1% risk of failure)
Confirm with . or Enter, or press ? or * to list all spells.
Flames lash the water moccasin.
The water moccasin is burned terribly!
The water moccasin bites you. The water moccasin misses you.
The water moccasin bites you.
* * * LOW HITPOINT WARNING * * *
You are poisoned.
The water moccasin poisons you! 😨 HP[-11] MP[-2]
You take 11 damage, and now have 18/36 hp.
MASSIVE DAMAGE!! (PAUSE)
You lost 2 mp, and now have 13/17 mp.
Casting: Scorch (safe; 1% risk of failure)
Confirm with . or Enter, or press ? or * to list all spells.
Flames lash the water moccasin.
The water moccasin is burned terribly!
You feel very sick. The water moccasin bites you!
* * * LOW HITPOINT WARNING * * *
You are more poisoned.
The water moccasin poisons you!
* * * LOW HITPOINT WARNING * * *
You feel very sick. The water moccasin bites you!
You die...

Skill      XL: |  1  2  3  4  5  6  7 |
---------------+----------------------+-----
Conjurations   | 2 3 4 5 |  5.4
Fire Magic     | 4 5 6 |  6.4
Spellcasting   | 4 5 |  5.4
Air Magic      | 1 2 |  2.7
Translocations | 1 2 |  2.9
Dodging        | |  2.4
Stealth        | |  2.4

Action                   |  1- 3 |  4- 6 |  7- 9 || total
-------------------------+-------+-------+-------++-------
 Cast: Foxfire           |    86 |    90 |    40 ||   216
       Scorch            |     7 |     9 |    17 ||    33
  Use: Scroll            |     4 |     2 |     5 ||    11
Armor: Robe              |     9 |     3 |     6 ||    18
Dodge: Dodged            |    19 |     4 |    12 ||    35
Block: Other             |       |     1 |    10 ||    11
       Reflection        |       |       |     1 ||     1

Levels and vault maps discovered:
D:1:      moated_graveyard_arrival, layout_loops_ring, nrook_mini_backslash
D:2:      layout_basic, shapermc_ecumenical_altar_gd, uniq_sigmund
D:3:      layout_rooms, gup_sewer_entry_bowl, uniq_grinder
D:4:      layout_rooms, nicolae_gozag_zags_fifth_avenue, kennysheep_little_box,
          gammafunk_ghost_cemetery, uniq_eustachio
D:5:      layout_basic, lemuel_tele_altar, minmay_misc_feat_room
D:6:      layout_basic, nicolae_dithmenos_shadow_blocks,
          minmay_temple_entry_ruins, serial_co_window_serial,
          co_window_of_opportunity_a, co_window_of_opportunity_a,
          co_window_corner_a, co_window_paths_a, co_window_of_opportunity_a,
          co_window_corner_b, co_window_corner_b, co_window_unsneaky_path_a,
          co_window_broadway_a, co_window_4corner_a, glass_columns_a,
          hangedman_feature_mirror, minmay_stone_trees_small,
          minmay_misc_feat_cross

Notes
Turn   | Place    | Note
-------+----------+-------------------------------------------
     0 | D:1      | kae the Deep Elf Fire Elementalist began the quest for the
                  | Orb.
     0 | D:1      | Reached XP level 1. HP: 10/10 MP: 6/6
     0 | D:1      | magus.rc [v1.11.3]
   204 | D:1      | Reached XP level 2. HP: 15/15 MP: 6/8
   227 | D:1      | Learned a level 2 spell: Scorch
   403 | D:1      | Reached skill level 2 in Conjurations
  1030 | D:2      | Reached skill level 4 in Fire Magic
  1030 | D:2      | Reached XP level 3. HP: 15/19 MP: 5/9
  1190 | D:2      | Found a faded altar of an unknown god.
  1195 | D:2      | Noticed Sigmund
  1491 | D:2      | You pick up a book of the Moon and begin reading...
  1491 | D:2      | You add the spells Passage of Golubria, Silence and
                  | Lehudib's Crystal Spear to your library.
  1995 | D:3      | Learned a level 3 spell: Inner Flame
  2127 | D:3      | Reached XP level 4. HP: 24/24 MP: 7/11
  2171 | D:3      | Identified the +5 chain mail "Koibo" {Will- Str+4}
  2274 | D:3      | Found a glowing drain.
  2278 | Sewer    | Entered a sewer
  2283 | Sewer    | Learned a level 3 spell: Kindle Blastsparks
  2549 | Sewer    | Reached skill level 4 in Spellcasting
  2549 | Sewer    | Reached skill level 3 in Conjurations
  2651 | Sewer    | Reached XP level 5. HP: 28/28 MP: 7/13
  3012 | D:3      | Identified the ring "Onycveki" {rPois rF+ rN+ Will- SInv}
  3045 | D:3      | Noticed Grinder
  3067 | D:3      | Reached skill level 1 in Air Magic
  3405 | D:4      | Found a runed translucent gate.
  3405 | D:4      | Found a runed translucent gate.
  3405 | D:4      | Found a runed translucent gate.
  3408 | D:4      | Reached skill level 5 in Fire Magic
  3457 | D:4      | Noticed PaleRider's ghost (amateur SpHu)
  3457 | D:4      | Noticed QuickerDeath's ghost (amateur HuNe)
  3473 | D:4      | Noticed Eustachio
  3486 | D:4      | Killed Eustachio
  3487 | D:4      | Reached skill level 4 in Conjurations
  3487 | D:4      | Reached skill level 1 in Translocations
  3487 | D:4      | Reached XP level 6. HP: 25/32 MP: 6/14
  3683 | D:4      | Reached skill level 2 in Translocations
  3752 | D:4      | Reached skill level 2 in Air Magic
  3752 | D:4      | Reached XP level 7. HP: 36/36 MP: 12/16
  3828 | D:4      | HP: 9/36 [black bear (3)]
  3829 | D:4      | HP: 2/36 [black bear (4)]
  3831 | D:4      | Reached skill level 5 in Spellcasting
  3831 | D:4      | Reached skill level 6 in Fire Magic
  4439 | D:4      | Found Gozag's Platinum Reserve.
  4442 | D:4      | Found an opulent altar of Gozag.
  4524 | D:4      | Found a glowing silver altar of Zin.
  4672 | D:5      | Entered Level 5 of the Dungeon
  4683 | D:4      | Reached skill level 5 in Conjurations
  5046 | D:5      | You pick up a book of Burglary and begin reading...
  5046 | D:5      | You add the spells Passwall, Ensorcelled Hibernation and
                  | Swiftness to your library.
  5485 | D:5      | Found a broken altar of Ashenzari.
  5541 | D:6      | Found a shadowy altar of Dithmenos.
  5589 | D:6      | HP: 9/36 [poisoned by a scorpion]
  5863 | D:6      | Found a radiant altar of Vehumet.
  5987 | D:6      | HP: 6/36 [water moccasin (9)]
  5988 | D:6      | Slain by a water moccasin

Vanquished Creatures
  Eustachio (D:4)
  2 black bears (D:4)
  A phantom (D:4)
  A scorpion (D:6)
  2 hounds (D:4)
  2 iguanas
  A merfolk siren (Sewer)
  4 orc wizards
  A merfolk avatar (Sewer)
  6 adders
  2 river rats
  A white imp (D:5)
  4 dart slugs
  8 orcs
  14 ball pythons
  7 endoplasms
  2 giant cockroaches
  6 goblins
  5 hobgoblins
  4 jackals (D:3)
  9 kobolds
  4 quokkas
  11 bats
  9 frilled lizards
  29 rats
136 creatures vanquished.

Vanquished Creatures (collateral kills)
  A foxfire (D:2)
1 creature vanquished.

Vanquished Creatures (others)
  A demonic plant (D:2)
  365 foxfires
  5 withered plants (D:4)
371 creatures vanquished.

Grand Total: 508 creatures vanquished

Table legend:
 A = Non-vault XP
 B = Vault XP
 C = Vault XP percentage of total XP
 D = Non-vault monster count
 E = Vault monster count
 F = Vault count percentage of total count
                 A         B        C        D         E       F
            +---------+---------+-------+---------+---------+-------
      Total |     958 |     370 |  27.9 |      94 |      42 |  30.9
            +---------+---------+-------+---------+---------+-------
        D:1 |      40 |       0 |   0.0 |      27 |       0 |   0.0
        D:2 |      37 |       0 |   0.0 |      17 |       0 |   0.0
        D:3 |      86 |      15 |  14.9 |      20 |       3 |  13.0
        D:4 |     605 |     208 |  25.6 |      24 |       1 |   4.0
        D:5 |      65 |       0 |   0.0 |       4 |       0 |   0.0
        D:6 |     125 |       3 |   2.3 |       2 |       1 |  33.3
      Sewer |       0 |     144 | 100.0 |       0 |      37 | 100.0
            +---------+---------+-------+---------+---------+-------

Illustrated notes

Table legend:
 A = Kills in this place as a percentage of kills in entire the game.
 B = Kills by you in this place as a percentage of kills by you in the entire game.
 C = Kills by friends in this place as a percentage of kills by friends in the entire game.
 D = Other kills in this place as a percentage of other kills in the entire game.
 E = Experience gained in this place as a percentage of experience gained in the entire game.
 F = Experience gained in this place divided by the number of levels of this place that you have seen.
                   A       B       C       D       E      F
               +-------+-------+-------+-------+-------+----------------------
         Total | 100.0 | 100.0 |   N/A |   N/A | 100.0 | 189.7
       Dungeon |  72.8 |  72.8 |   N/A |   N/A |  89.2 | 197.3
         Sewer |  27.2 |  27.2 |   N/A |   N/A |  10.8 | 144.0
               +-------+-------+-------+-------+-------+----------------------

Table legend: (Time is in decaauts)
 A = Elapsed time spent in this place.
 B = Non-inter-level travel time spent in this place.
 C = Inter-level travel time spent in this place.
 D = Time resting spent in this place.
 E = Time spent auto-exploring this place.
 F = Levels seen in this place.
 G = Mean time per level.
                   A        B        C        D        E       F      G
               +--------+--------+--------+--------+--------+-----+--------+
         Total |   6043 |   5851 |    192 |     67 |   4915 |   7 |  863.3 |
       Dungeon |   5298 |   5106 |    192 |     18 |   4440 |   6 |  883.0 |
         Sewer |    745 |    745 |      0 |     49 |    475 |   1 |  745.0 |
               +--------+--------+--------+--------+--------+-----+--------+

Top non-repeatable levels by time:
     D:4: 1122 daAuts
     D:3: 1030 daAuts
     D:1: 1022 daAuts
     D:2: 967 daAuts
   Sewer: 745 daAuts
     D:5: 664 daAuts
     D:6: 491 daAuts
